 Dungeon Crawl Stone Soup version 0.23-a0-558-g30802b1 (webtiles) character file.

264 zishaf the Poker (level 6, -3/49 HPs)
             Began as a Merfolk Monk on Dec 12, 2018.
             Slain by an iron imp (9 damage)
             ... summoned by Eustachio
             ... on level 4 of the Dungeon.
             The game lasted 00:08:26 (4060 turns).

zishaf the Poker (Merfolk Monk)                     Turns: 4060, Time: 00:08:26

Health: -3/49      AC:  4    Str: 11    XL:     6   Next: 19%
Magic:  6/6        EV: 12    Int: 11    God:
Gold:   130        SH: 12    Dex: 17    Spells: 5/5 levels left

rFire    + . .     SeeInvis .   a - +0 spear
rCold    . . .     Gourm    .   j - +0 shield
rNeg     . . .     Faith    .   n - +1 leather armour {rF+}
rPois    .         Spirit   .   (no helmet)
rElec    .         Reflect  +   (no cloak)
rCorr    +         Harm     .   (no gloves)
MR       .....                  (no boots)
Stlth    +++.......             k - +4 amulet of reflection
HPRegen  0.16/turn              h - ring of resist corrosion
MPRegen  0.10/turn              b - ring of wizardry

@: no status effects
A: change form in water, swift swim, stealthy swim
a: no special abilities


You were on level 4 of the Dungeon.
You were hungry.

You visited 1 branch of the dungeon, and saw 4 of its levels.

You collected 130 gold pieces.

Inventory:

Hand Weapons
 a - a +0 spear (weapon)
Missiles
 v - 7 javelins (quivered)
Armour
 j - a +0 shield (worn)
 n - a +1 leather armour of fire resistance (worn)
Jewellery
 b - a ring of wizardry (right hand)
 h - a ring of resist corrosion (left hand)
 k - a +4 amulet of reflection (around neck)
 s - an uncursed amulet of harm {unknown}
 t - an uncursed ring of ice
 u - an uncursed amulet of faith {unknown}
Scrolls
 d - a scroll of remove curse
 o - a scroll of fear {unknown}
 p - a scroll of random uselessness {unknown}
 q - 5 scrolls of teleportation
 r - a scroll of enchant armour {unknown}
Potions
 e - 2 potions of haste
 f - a potion of agility {unknown}
 g - a potion of curing {unknown}
 i - 2 potions of flight
 m - a potion of degeneration {unknown}
Comestibles
 c - 9 rations
 l - a chunk of flesh


   Skills:
 + Level 4.4 Fighting
 + Level 6.0 Polearms
 + Level 5.3 Dodging
 + Level 3.9 Stealth
 + Level 2.0 Shields


You had 5 spell levels left.
You didn't know any spells.
Your spell library was empty.

Dungeon Overview and Level Annotations

Branches:
Dungeon (4/15)
 Temple: D:4-7

Altars:
Ashenzari
Makhleb

Annotations:
D:3 Grinder
D:4 Eustachio


Message History

The bat misses you. The river rat bites you!
* * * LOW HITPOINT WARNING * * *
You block the river rat's attack. The bat barely misses you.
Eustachio barely misses you.
You hit Eustachio but do no damage.
Eustachio is almost dead.
The bat hits you but does no damage. You block the rat's attack.
You block the river rat's attack. The river rat barely misses you.
You closely miss Eustachio.
Eustachio is almost dead.
You block the bat's attack. You block Eustachio's attack.
The rat bites you but does no damage. The river rat closely misses you.
The river rat bites you.
* * * LOW HITPOINT WARNING * * *
You hit Eustachio but do no damage.
Eustachio is almost dead.
You block the bat's attack.
Eustachio gestures wildly while chanting.
Eustachio blinks!
You block the rat's attack. The iron imp hits you!
You die...

..................#
#.........
..................##
#.........
...................#
##........
.(..............@..##
#...[....
....................#
#########
..............<.....#
##.. ####.............#
###... ##.....rrĀ§....#
##...## #......@r....#
###..####
##......5...####..####..
##....b..####...#......
##.#...####...###......
#..#######..### ##.<..#
#..# ###...#### ##...#
##..###...#....## ##..#
#...#...........## ####
#................#


You could see Eustachio, an iron imp, 2 river rats, a bat and a rat.

Vanquished Creatures
  A hound (D:4)
  An orc priest (D:1)
  An orc wizard (D:1)
  6 adders
  3 oozes
  3 worms (D:2)
  5 dart slugs
  5 leopard geckos
  3 orcs (D:1)
  A ball python (D:1)
  3 giant cockroaches
  13 goblins
  11 hobgoblins
  3 jackals (D:1)
  7 kobolds
  A quokka (D:3)
  A ball python skeleton (D:2)
  10 bats
  6 frilled lizards
  6 rats
90 creatures vanquished.

Notes
Turn   | Place    | Note
-------+----------+-------------------------------------------
     0 | D:1      | zishaf the Merfolk Monk began the quest for the Orb.
     0 | D:1      | Reached XP level 1. HP: 18/18 MP: 1/1
   119 | D:1      | Reached XP level 2. HP: 24/24 MP: 2/2
   266 | D:1      | Reached XP level 3. HP: 23/29 MP: 3/3
   377 | D:1      | Reached skill level 5 in Polearms
  1209 | D:1      | Reached XP level 4. HP: 33/37 MP: 4/4
  1826 | D:1      | Reached skill level 1 in Shields
  1826 | D:1      | Reached XP level 5. HP: 11/42 MP: 5/5
  2370 | D:2      | Reached skill level 5 in Dodging
  2644 | D:2      | Found a shattered altar of Ashenzari.
  3418 | D:3      | Noticed Grinder
  3508 | D:3      | Reached XP level 6. HP: 49/49 MP: 6/6
  3725 | D:4      | Found Joutaf's Weapon Emporium.
  3815 | D:4      | Found a burning altar of Makhleb.
  3848 | D:4      | Reached skill level 6 in Polearms
  4013 | D:4      | Noticed Eustachio
  4060 | D:4      | Slain by an iron imp

Vault maps used:
D:1:      scummos_arrival_checkerplants, minmay_octomino_e4
D:2:      first_ration, lemuel_tele_altar
D:3:      uniq_grinder
D:4:      serial_shops, nicolae_shop_temple_entry_statues_fountains,
          nicolae_shop_trees, kennysheep_mini, makhleb_heckhound_becter,
          uniq_eustachio

Skill      XL: |  1  2  3  4  5  6 |
---------------+-------------------+-----
Polearms       | 5 6 |  6.0
Stealth        | 3 |  3.9
Fighting       | 4 |  4.4
Shields        | 1 2 |  2.0
Dodging        | 5 |  5.3

Action                   |  1- 3 |  4- 6 || total
-------------------------+-------+-------++-------
Melee: Spear             |   131 |   333 ||   464
  Use: Scroll            |     5 |       ||     5
 Stab: Distracted        |     3 |       ||     3
       Sleeping          |     1 |     6 ||     7
  Eat: Chunk             |     1 |     9 ||    10
Armor: Robe              |     1 |       ||     1
       Ring mail         |     8 |       ||     8
       Leather armour    |     7 |    46 ||    53
Dodge: Dodged            |    46 |    91 ||   137
Block: Shield            |     9 |   160 ||   169
       Reflection        |       |     2 ||     2

Table legend:
 A = Non-vault XP
 B = Vault XP
 C = Vault XP percentage of total XP
 D = Non-vault monster count
 E = Vault monster count
 F = Vault count percentage of total count
                 A         B        C        D         E       F
            +---------+---------+-------+---------+---------+-------
      Total |     331 |      47 |  12.4 |      86 |       4 |   4.4
            +---------+---------+-------+---------+---------+-------
        D:1 |     161 |       5 |   3.0 |      38 |       3 |   7.3
        D:2 |      83 |       0 |   0.0 |      25 |       0 |   0.0
        D:3 |      87 |       0 |   0.0 |      23 |       0 |   0.0
        D:4 |       0 |      42 | 100.0 |       0 |       1 | 100.0
            +---------+---------+-------+---------+---------+-------
